 Dungeon Crawl Stone Soup version 0.27-a0-1586-gd5c625afe7 (webtiles) character file.

Game seed: 17532134756892326234

38939 Conn the Arsonist (level 14, -3/86 HPs)
             Began as an Octopode Fire Elementalist on July 18, 2021.
             Was an Elder of Sif Muna.
             Killed from afar by a manticore (11 damage)
             ... with a volley of spikes
             ... on level 12 of the Dungeon.
             The game lasted 01:11:00 (19841 turns).

Conn the Arsonist (Octopode Fire Elementalist)     Turns: 19841, Time: 01:11:00

Health: -3/86      AC:  1    Str: 13    XL:     14   Next: 4%
Magic:  5/28       EV: 16    Int: 30    God:    Sif Muna [****..]
Gold:   766        SH:  0    Dex: 15    Spells: 2/33 levels left

rFire    . . .     SeeInvis .   b - staff of conjuration
rCold    . . .     Faith    +   (no shield)
rNeg     . . .     Spirit   .   (helmet restricted)
rPois    +         Reflect  .   i - amulet of faith
rElec    .         Harm     .   t - +6 ring of intelligence
rCorr    .         Rampage  .   v - +6 ring of strength
Will     +....                  w - ring of poison resistance
Stlth    +++++.....             d - ring of wizardry
HPRegen  0.24/turn              (no ring)
MPRegen  0.21/turn              (no ring)
                                (no ring)
                                (no ring)

@: about to teleport, spiked
A: almost no armour, amphibious, 8 rings, camouflage 1, gelatinous body 1,
(nimble swimmer 1), tentacles, agile 1, clever 1
a: Renounce Religion, Channel Magic, Forget Spell, Divine Exegesis


You were on level 12 of the Dungeon.
You worshipped Sif Muna.
Sif Muna was greatly pleased with you.
You visited 3 branches of the dungeon, and saw 15 of its levels.
You also visited: Bailey.

You collected 766 gold pieces.

Inventory:

Hand Weapons
 a - the +2 short sword of Buagohagga {holy, rElec}
   (You found it on level 5 of the Dungeon)

   It has been blessed by the Shining One to cause great damage to the undead
   and demons.
   rElec:     It insulates you from electricity.
 c - a +0 short sword
 k - a +3 dagger of venom
 q - a +5 vorpal short sword
Missiles
 o - 7 curare-tipped darts (quivered)
 p - 30 poisoned darts
Armour
 A - a +2 kite shield of cold resistance
Magical Staves
 b - a staff of conjuration (weapon)
 m - a staff of air
 C - a staff of cold
Jewellery
 d - a ring of wizardry (on tentacle)
 i - an amulet of faith (around mantle)
 t - a +6 ring of intelligence (left tentacle)
 v - a +6 ring of strength (right tentacle)
 w - a ring of poison resistance (on tentacle)
Wands
 g - a wand of acid (9)
 h - a wand of iceblast (7)
 y - a wand of mindburst (4)
 z - a wand of flame (17)
Scrolls
 f - 3 scrolls of teleportation
 j - 3 scrolls of enchant armour
 r - 2 scrolls of torment {unknown}
 s - a scroll of silence {unknown}
 x - 5 scrolls of identify
 B - a scroll of blinking {unknown}
 D - a scroll of brand weapon
Potions
 l - a potion of attraction
 n - a potion of degeneration
 u - 3 potions of resistance
 E - 2 potions of heal wounds
 F - 2 potions of haste
 H - 2 potions of cancellation
 I - a potion of magic


   Skills:
 + Level 4.5 Fighting
 + Level 3.3 Short Blades
 + Level 2.0 Staves
 + Level 6.2 Dodging
 + Level 7.5 Stealth
 + Level 10.1 Spellcasting
 * Level 10.0 Conjurations
 + Level 1.9 Hexes
 + Level 11.0 Fire Magic
 + Level 5.3 Air Magic
 - Level 5.7 Earth Magic
 - Level 6.2 Invocations


You had 2 spell levels left.
You knew the following spells:

 Your Spells              Type           Power      Damage    Failure   Level
a - Foxfire               Conj/Fire      100%       2x1d9     1%          1
b - Conjure Flame         Conj/Fire      87%        6-21      1%          3
c - Inner Flame           Hex/Fire       52%        N/A       1%          3
d - Sticky Flame          Conj/Fire      87%        2d10      1%          4
e - Fireball              Conj/Fire      43%        3d17      1%          5
f - Stone Arrow           Conj/Erth      100%       3d13      1%          3
g - Bolt of Magma         Conj/Fire/Erth 40%        4d17      1%          5
h - Orb of Destruction    Conj           42%        9d14      19%         7

Your spell library contained the following spells:

 Spells                   Type           Power      Damage    Failure   Level
 Animate Skeleton         Necr           30%        N/A       1%          1
 Corona                   Hex            28%        N/A       1%          1
 Pain                     Necr           60%        1d7       1%          1
 Corpse Rot               Necr/Air       N/A        N/A       1%          2
 Ensorcelled Hibernation  Hex/Ice        40%        N/A       1%          2
 Sublimation of Blood     Necr           7%         N/A       2%          2
 Tukima's Dance           Hex            26%        N/A       1%          3
 Hailstorm                Conj/Ice       61%        3d13      1%          4
 Lightning Bolt           Conj/Air       37%        1d56      1%          5
 Portal Projectile        Hex/Tloc       40%        N/A       2%          3
 Gell's Gravitas          Tloc           7%         N/A       4%          3
 Lesser Beckoning         Tloc           7%         N/A       4%          3
 Teleport Other           Tloc           15%        N/A       4%          3
 Vampiric Draining        Necr           7%         2d7       4%          3
 Borgnjor's Vile Clutch   Necr/Erth      16%        N/A       12%         5
 Agony                    Necr           15%        N/A       34%         5
 Lehudib's Crystal Spear  Conj/Erth      38%        10d9      96%         8
 Infestation              Necr           7%         N/A       100%        8
 Shatter                  Erth           24%        3d21*     100%        9
 Animate Armour           Summ/Erth      Unusable   N/A       N/A         4

Dungeon Overview and Level Annotations

Branches:
Dungeon (13/15)            Temple (1/1) D:4            Lair (0/6) D:11
    Orc (1/2) D:10         Vaults (0/5) D:13         Bailey (visited)

Altars:
Ashenzari
Cheibriados
Dithmenos
Elyvilon
Fedhas
Gozag
Hepliaklqana
Kikubaaqudgha
Makhleb
Nemelex Xobeh
Okawaru
Qazlal
Ru
Sif Muna
Trog
Uskayaw
Vehumet
Wu Jian
Xom
Yredelemnul
Zin
The Shining One

Shops:
D:7 [

Annotations:
D:3 2 transporters, wpisznazwe's ghost, amateur DsAK
D:11 1 runed translucent door
D:13 Nessos
Orc:1 3 runed translucent doors, hofbold's ghost, journeyman MfGl


Innate Abilities, Weirdness & Mutations

You cannot wear most types of armour.
You are amphibious.
You can wear up to eight rings at the same time.
Your skin changes colour to match your surroundings (Stealth+).
Your rubbery body absorbs attacks. (AC +1, EV +1)
((You are camouflaged near water. (Stealth+)))
You have tentacles for arms and can constrict up to eight enemies at once.
You are agile. (Dex +2)
Your mind is acute. (Int +2)


Message History

Aim: a two-headed ogre, wielding two +0 giant clubs (heavily wounded, 88% to hit)
You feel a surge of power!
The bolt of magma hits the centaur warrior!!!
You kill the centaur warrior!
Sif Muna accepts your kill.
The bolt of magma hits the two-headed ogre!!
The two-headed ogre is almost dead.
You feel less invigorated.
A manticore comes into view.
A rakshasa comes into view. It is wielding a +2 vorpal morningstar.
Your Conjurations skill increases to level 10!
Unknown command.
As you read the scroll of teleportation, it crumbles to dust.
You feel strangely unstable. The manticore bites you!!
* * * LOW HITPOINT WARNING * * *
The manticore completely misses you. The manticore closely misses you.
Unknown command.
Okay, then.
Casting: Bolt of Magma (dangerous; 1% risk of failure)
Confirm with . or Enter, or press ? or * to list all spells.
Okay, then.
Press: ? - help, v - describe, . - travel, g - get item
Here: a manticore
Items here: a +0 longbow; 17 arrows.
The floor.
Okay, then.
Okay, then.
Okay, then.
Press: ? - help, v - describe, . - travel
Here: a rakshasa, wielding a +2 vorpal morningstar and wearing a +0 robe The floor.
Unknown command.
The manticore bites you.
* * * LOW HITPOINT WARNING * * *
The manticore misses you. The manticore barely misses you.
A troll comes into view.
The manticore flicks its tail.
The volley of spikes hits you!
The barbed spikes become lodged in your body.
You die...

#.T .. ### .. #..#
.# ..# .# .†.# .
#. #..
#.####.####R####.#
.......@.HO.......
........>.........
..................
..####..#######..#
. #..# .# #..# #
#..# .... .....


You could see a rakshasa, a two-headed ogre, a manticore and a troll
(wandering).

Vanquished Creatures
  Rupert (D:13)
  Erolcha (D:10)
  2 hydras
  A boulder beetle (D:13)
  2 centaur warriors
  3 death yaks (D:11)
  A tengu warrior (D:11)
  Sonja (D:13)
  Nergalle (D:11)
  An orc knight (D:13)
  A kobold demonologist (D:12)
  A komodo dragon (D:11)
  A tengu conjurer (D:11)
  A yaktaur (D:13)
  2 trolls
  2 hornets
  A meliai zombie (D:10)
  2 shadows
  2 wyverns
  6 wraiths
  6 yaks (D:10)
  13 humans (D:13)
  20 fire bats (D:11)
  Eustachio (D:5)
  A vampire mosquito (D:12)
  A steam dragon (D:8)
  A warg (Orc:1)
  3 acid dragons
  11 orc warriors
  3 black bears
  2 necrophages
  9 centaurs
  4 ogres
  A phantom (D:4)
  A gnoll sergeant (D:9)
  A kobold brigand (D:11)
  A bullfrog (D:7)
  3 scorpions
  A wyvern skeleton (D:7)
  A wyvern zombie (D:7)
  14 killer bees
  2 centaur zombies
  4 hounds
  Crazy Yiuf (D:4)
  An orc priest (Orc:1)
  A gnoll shaman (D:5)
  2 iguanas
  2 centaur skeletons
  Jessica (D:3)
  Natasha (thrice) (D:2)
  3 hell rats (D:11)
  10 orc wizards
  A killer bee zombie (D:7)
  A hound zombie (D:5)
  Robin (D:2)
  A hound skeleton (D:4)
  22 gnolls
  A howler monkey skeleton (D:7)
  3 adders
  A shadow imp (D:8)
  3 worms
  3 dart slugs
  24 orcs
  10 ball pythons
  74 bats
  7 endoplasms
  20 goblins
  18 hobgoblins
  7 jackals
  20 kobolds
  6 quokkas
  5 frilled lizards
  7 rats (D:1)
396 creatures vanquished.

Vanquished Creatures (collateral kills)
  A foxfire (D:1)
1 creature vanquished.

Vanquished Creatures (others)
  769 foxfires
769 creatures vanquished.

Grand Total: 1166 creatures vanquished

Notes
Turn   | Place    | Note
-------+----------+-------------------------------------------
     0 | D:1      | Conn the Octopode Fire Elementalist began the quest for the
                  | Orb.
     0 | D:1      | Reached XP level 1. HP: 11/11 MP: 3/3
   154 | D:1      | Reached XP level 2. HP: 17/17 MP: 0/5
   682 | D:1      | Reached XP level 3. HP: 21/21 MP: 3/6
   742 | D:1      | Noticed a floating eye
   760 | D:1      | Found a faded altar of an unknown god.
   944 | D:1      | Noticed a great orb of eyes
   947 | D:1      | Noticed an eye of devastation
   955 | D:1      | Noticed an eye of devastation
  1252 | D:1      | Learned a level 3 spell: Conjure Flame
  1256 | D:1      | Learned a level 3 spell: Inner Flame
  1448 | D:2      | Noticed Natasha
  1553 | D:2      | Killed Natasha
  1554 | D:2      | Reached XP level 4. HP: 3/27 MP: 8/8
  1657 | D:2      | Noticed Robin
  1928 | D:3      | Found a transporter.
  2177 | D:3      | Noticed Jessica
  2184 | D:3      | Killed Jessica
  2185 | D:3      | Reached XP level 5. HP: 32/32 MP: 4/9
  2193 | D:3      | Got Jessica's Compendium of Sinister Rites
  2560 | D:3      | Noticed wpisznazwe's ghost (amateur DsAK)
  2600 | D:3      | Found a transporter.
  2647 | D:3      | Noticed a +0 short sword
  2647 | D:3      | Noticed a +0 spear
  2647 | D:3      | Noticed a +0 falchion
  2647 | D:3      | Noticed a +0 short sword
  2648 | D:3      | Noticed a +0 dagger
  2648 | D:3      | Noticed a +0 spear
  2666 | D:3      | Noticed a +0 falchion
  2667 | D:3      | Noticed a +0 dagger
  2702 | D:3      | Found a hide-covered altar of Uskayaw.
  2868 | D:2      | Killed Robin
  2869 | D:2      | Reached skill level 1 in Short Blades
  3067 | D:2      | Noticed Natasha
  3075 | D:2      | Killed Natasha
  3086 | D:2      | Noticed Natasha
  3092 | D:2      | Killed Natasha
  3445 | D:2      | Reached skill level 5 in Stealth
  3951 | D:4      | Reached XP level 6. HP: 37/37 MP: 10/10
  3957 | D:4      | Reached skill level 4 in Fire Magic
  4958 | D:4      | Reached XP level 7. HP: 37/42 MP: 12/12
  5019 | D:4      | Reached skill level 1 in Fighting
  5204 | D:4      | Found a staircase to the Ecumenical Temple.
  5274 | D:4      | Found a runed translucent door.
  5275 | D:4      | Noticed Crazy Yiuf
  5391 | D:4      | Learned a level 4 spell: Sticky Flame
  5394 | D:4      | Killed Crazy Yiuf
  5459 | D:5      | Entered Level 5 of the Dungeon
  5648 | D:5      | Reached XP level 8. HP: 48/49 MP: 0/14
  5809 | D:5      | Got Vonoh's Incunabulum of Dark Rites
  6162 | D:5      | Noticed Eustachio
  6176 | D:5      | Killed Eustachio
  6177 | D:5      | Reached skill level 5 in Fire Magic
  6189 | D:5      | Identified the +2 short sword of Buagohagga {holy, rElec}
  6224 | D:5      | Found a stormy altar of Qazlal.
  6779 | Temple   | Entered the Ecumenical Temple
  6786 | Temple   | Became a worshipper of Sif Muna the Loreminder
  6913 | D:6      | Reached skill level 5 in Spellcasting
  7360 | D:6      | Noticed a troll
  7374 | D:6      | Killed a troll
  7375 | D:6      | Reached skill level 5 in Conjurations
  7375 | D:6      | Reached XP level 9. HP: 26/54 MP: 8/17
  8061 | D:7      | Reached skill level 6 in Fire Magic
  8123 | D:7      | Found a shimmering altar of Xom.
  8251 | D:7      | Found Esmizxa's Armour Shoppe.
  9303 | D:8      | Learned a level 5 spell: Fireball
  9307 | D:8      | Learned a level 3 spell: Stone Arrow
 10209 | D:9      | Reached * piety under Sif Muna
 10906 | D:9      | Reached XP level 10. HP: 55/63 MP: 9/20
 11263 | D:10     | Entered Level 10 of the Dungeon
 11315 | D:10     | Reached skill level 7 in Fire Magic
 11708 | D:10     | Reached skill level 1 in Hexes
 12103 | D:10     | Noticed Erolcha
 12108 | D:10     | Killed Erolcha
 12109 | D:10     | Reached skill level 1 in Staves
 12124 | D:10     | Reached skill level 5 in Dodging
 12633 | D:10     | Found a staircase to the Orcish Mines.
 12643 | D:10     | Found a radiant altar of Vehumet.
 12809 | D:10     | Reached skill level 1 in Invocations
 13186 | D:10     | Learned a level 5 spell: Bolt of Magma
 13188 | Orc:1    | Entered Level 1 of the Orcish Mines
 13361 | Orc:1    | Found a runed translucent gate.
 13362 | Orc:1    | Found a runed translucent gate.
 13363 | Orc:1    | Found a runed translucent gate.
 13364 | Orc:1    | Noticed hofbold's ghost (journeyman MfGl)
 13434 | Orc:1    | Reached ** piety under Sif Muna
 13477 | Orc:1    | Reached skill level 1 in Earth Magic
 13477 | Orc:1    | Reached XP level 11. HP: 36/68 MP: 0/23
 14067 | Orc:1    | Noticed an orc warlord
 14500 | D:11     | Noticed a death yak
 14501 | D:11     | Noticed a death yak
 14502 | D:11     | Found a staircase to the Lair.
 14502 | D:11     | Noticed a six-headed hydra
 14509 | D:11     | Noticed Nergalle
 14510 | D:11     | Noticed a death yak
 14512 | D:11     | Killed a death yak
 14512 | D:11     | Killed a six-headed hydra
 14513 | D:11     | Reached skill level 8 in Fire Magic
 14514 | D:11     | Killed a death yak
 14771 | D:11     | Noticed a tengu warrior
 14951 | D:11     | Killed a tengu warrior
 15331 | D:11     | Killed a death yak
 15528 | D:11     | Reached *** piety under Sif Muna
 16138 | D:11     | Reached XP level 12. HP: 72/74 MP: 13/25
 16138 | D:11     | Killed Nergalle
 16283 | D:11     | Reached **** piety under Sif Muna
 16374 | D:11     | HP: 3/74 [fire bat (6)]
 16375 | D:11     | Found a broken altar of Ashenzari.
 16697 | D:11     | Reached skill level 5 in Invocations
 16896 | D:11     | Found a shadowy altar of Dithmenos.
 16912 | D:11     | Found a runed translucent door.
 16927 | D:11     | Found a white marble altar of Elyvilon.
 16958 | D:11     | Found an opulent altar of Gozag.
 17231 | D:11     | Reached skill level 9 in Fire Magic
 17660 | D:11     | Reached ***** piety under Sif Muna
 17686 | D:11     | Received a gift from Sif Muna
 17687 | D:11     | Got Sif Muna's Tome of Harmful Translocation {god gift}
 17938 | D:11     | Found a hazy altar of Hepliaklqana.
 17998 | D:11     | You fall into a shaft and drop 2 floors!
 17998 | D:13     | Noticed a centaur warrior
 18004 | D:13     | Killed a centaur warrior
 18013 | D:13     | Reached skill level 5 in Earth Magic
 18019 | D:13     | Noticed a four-headed hydra
 18023 | D:13     | Killed a four-headed hydra
 18257 | D:13     | Found a gate to the Vaults.
 18342 | D:13     | Noticed Rupert
 18378 | D:13     | Noticed a boulder beetle
 18381 | D:13     | Found a flagged portal.
 18390 | Bailey   | Entered a bailey
 18832 | Bailey   | Reached skill level 10 in Fire Magic
 18832 | Bailey   | Reached skill level 5 in Air Magic
 18832 | Bailey   | Reached XP level 13. HP: 45/81 MP: 14/26
 18841 | Bailey   | Learned a level 7 spell: Orb of Destruction
 19238 | D:13     | Gained mutation: You are agile. (Dex +2) [potion of
                  | mutation]
 19238 | D:13     | Gained mutation: Your mind is acute. (Int +2) [potion of
                  | mutation]
 19324 | D:13     | Noticed Nessos
 19381 | D:13     | Killed Rupert
 19675 | D:13     | Noticed Sonja
 19678 | D:13     | Killed Sonja
 19679 | D:13     | Reached skill level 10 in Spellcasting
 19679 | D:13     | Reached skill level 11 in Fire Magic
 19829 | D:12     | Reached XP level 14. HP: 86/86 MP: 8/28
 19838 | D:12     | Reached skill level 10 in Conjurations
 19841 | D:12     | Killed from afar by a manticore

Illustrated notes

Levels and vault maps discovered:
D:1:      minmay_arrival_glassed_features, layout_rooms,
          hellmonk_ecumenical_altar_watching_god, serial_bayou_pond_e,
          minmay_misc_feat_room, minmay_cut_off
D:2:      layout_loops_ring, uniq_robin, uniq_natasha
D:3:      layout_basic, nicolae_uskayaw_en_pointe, gammafunk_ghost_stat_death,
          kennysheep_jessica_study
D:4:      layout_cave_pools, minmay_temple_entry_poolview,
          uniq_crazy_yiuf_cottage
D:5:      layout_cave_pods, mainiacjoe_overflow_boulevard, uniq_eustachio
D:6:      layout_rooms
D:7:      layout_gridville, kennysheep_mini, serial_shops,
          nicolae_take_the_stairs, minmay_misc_feat_columns,
          kennysheep_generic_room_9
D:8:      layout_basic
D:9:      layout_roguey, chequers_big_river
D:10:     layout_grid_maze, vehumet_altar_wand_db, orc_0_dummy, uniq_erolcha
D:11:     due_megacathedral, layout_loops_ring, dpeg_lair_monsters,
          nzn_hepliaklqana_mist_gate, uniq_nergalle
D:12:     minmay_the_grid_square_5x5_5x5_mashed [minmay_the_grid_square_5x5_tie,
          minmay_the_grid_square_5x5_gyroscope,
          minmay_the_grid_square_5x5_slash, minmay_the_grid_square_5x5_bridge,
          minmay_the_grid_square_5x5_empty,
          minmay_the_grid_square_5x5_hollow_slash,
          minmay_the_grid_square_5x5_prize_deathbox,
          minmay_the_grid_square_5x5_plus,
          minmay_the_grid_square_5x5_prize_waves,
          minmay_the_grid_square_5x5_half_checkered,
          minmay_the_grid_square_5x5_percent,
          minmay_the_grid_square_5x5_minimal,
          minmay_the_grid_square_5x5_prize_pseudospiral,
          minmay_the_grid_square_5x5_shuriken,
          minmay_the_grid_square_5x5_doubleslash,
          minmay_the_grid_square_5x5_three,
          minmay_the_grid_square_5x5_prize_monsterx,
          minmay_the_grid_square_5x5_inner_i,
          minmay_the_grid_square_5x5_prize_rear_guard,
          minmay_the_grid_square_5x5_tetrominoes, minmay_the_grid_square_5x5_v,
          minmay_the_grid_square_5x5_moneybag,
          minmay_the_grid_square_5x5_inverted_slash,
          minmay_the_grid_square_5x5_beaten_path,
          minmay_the_grid_square_5x5_fat_x], layout_small_grid,
          minmay_diamond_spiral
D:13:     layout_irregular_city, david_vaults_3, enter_bailey_2,
          hangedman_corner_corridor, uniq_kirke, uniq_nessos, uniq_sonja,
          uniq_rupert
Temple:   nicolae_temple_no_exploring_needed
Orc:1:    orc_temple, layout_caves, gammafunk_ghost_necromancy, basic_altar

Skill      XL: |  1  2  3  4  5  6  7  8  9 10 11 12 13 14 |
---------------+-------------------------------------------+-----
Stealth        | 3 5 6 7 |  7.5
Spellcasting   | 3 4 5 7 8 9 10 | 10.1
Short Blades   | 1 2 3 |  3.3
Conjurations   | 2 3 5 7 8 9 10 | 10.0
Fire Magic     | 4 5 6 7 8 10 11 | 11.0
Fighting       | 1 2 3 4 |  4.5
Dodging        | 3 4 5 6 |  6.2
Hexes          | 1 |  1.9
Staves         | 1 2 |  2.0
Invocations    | 2 4 6 |  6.2
Earth Magic    | 1 4 5 |  5.7
Air Magic      | 5 |  5.3

Action                   |  1- 3 |  4- 6 |  7- 9 | 10-12 | 13-15 || total
-------------------------+-------+-------+-------+-------+-------++-------
Melee: Short sword       |    26 |    25 |    41 |     7 |       ||    99
       Constrict         |     7 |    13 |     7 |    14 |     2 ||    43
       Tentacles         |     3 |    15 |     8 |    20 |     4 ||    50
       Dagger            |       |    21 |       |       |       ||    21
       Staff             |       |       |       |    60 |     8 ||    68
Throw: Dart              |       |       |       |     3 |       ||     3
 Cast: Foxfire           |    68 |    93 |   112 |   179 |     5 ||   457
       Sticky Flame      |       |       |    13 |    19 |     2 ||    34
       Inner Flame       |       |       |     3 |     6 |       ||     9
       Fireball          |       |       |     8 |    49 |     1 ||    58
       Stone Arrow       |       |       |     4 |    35 |       ||    39
       Conjure Flame     |       |       |     2 |     8 |       ||    10
       Bolt of Magma     |       |       |       |    54 |    16 ||    70
       Orb of Destructio |       |       |       |       |     2 ||     2
Invok: Channel Magic     |       |       |       |     5 |     1 ||     6
Evoke: Wand              |       |       |       |     4 |       ||     4
  Use: Potion            |       |     1 |     4 |    10 |     3 ||    18
       Scroll            |       |       |    13 |     2 |     1 ||    16
 Stab: Sleeping          |     1 |     6 |     6 |     1 |       ||    14
Armor: Skin              |     3 |     2 |     9 |    88 |       ||   102
Dodge: Dodged            |    23 |    40 |    87 |   282 |    18 ||   450

Table legend: (Time is in decaauts)
 A = Elapsed time spent in this place.
 B = Non-inter-level travel time spent in this place.
 C = Inter-level travel time spent in this place.
 D = Time resting spent in this place.
 E = Time spent auto-exploring this place.
 F = Levels seen in this place.
 G = Mean time per level.
                   A        B        C        D        E       F      G
               +--------+--------+--------+--------+--------+-----+--------+
         Total |  19870 |  19523 |    347 |   5774 |   9581 |  16 | 1241.9 |
       Dungeon |  18252 |  17912 |    340 |   5317 |   9083 |  13 | 1404.0 |
        Temple |     14 |      7 |      7 |      0 |      0 |   1 |   14.0 |
  Orcish Mines |    796 |    796 |      0 |    241 |    207 |   1 |  796.0 |
        Bailey |    806 |    806 |      0 |    216 |    291 |   1 |  806.0 |
               +--------+--------+--------+--------+--------+-----+--------+

Top non-repeatable levels by time:
    D:11: 3257 daAuts
    D:10: 2516 daAuts
     D:3: 1495 daAuts
     D:9: 1461 daAuts
     D:4: 1387 daAuts
     D:2: 1368 daAuts
     D:5: 1304 daAuts
     D:1: 1274 daAuts
     D:8: 1172 daAuts
    D:13: 1019 daAuts
     D:6: 1006 daAuts
     D:7: 964 daAuts
  Bailey: 806 daAuts
   Orc:1: 796 daAuts
    D:12: 25 daAuts
